 Dungeon Crawl Stone Soup version 0.32-a0-825-g0e82a1035d (webtiles) character file.

Game seed: 12124585825037342349

56 Essalna the Digger (level 3, -3/26 HPs)
             Began as a Demonspawn Earth Elementalist on Mar 25, 2024.
             Succumbed to a scorpion's poison
             ... on level 3 of the Dungeon.
             The game lasted 00:02:39 (2211 turns).

Essalna the Digger (Demonspawn Earth Elementalist)  Turns: 2211, Time: 00:02:40

Health: -3/26      AC:  3    Str:  8    XL:     3   Next: 69%
Magic:  2/6        EV: 11    Int: 17    God:
Gold:   163        SH:  0    Dex: 13    Spells: 6/7 levels left

rFire   + . .        h - staff of fire
rCold   . . .        (no shield)
rNeg    . . .        a - +0 robe
rPois   .            (no helmet)
rElec   .            (no cloak)
rCorr   .            (no gloves)
SInv    .            (no boots)
Will    .....        (no amulet)
Stlth   ++           (no ring)
HPRegen 0.24/turn    (no ring)
MPRegen 0.10/turn

%: no passive effects
@: lethally poisoned (-3 -> -24), studying Armour
A: rugged brown scales 1, demonic guardian 1
a: no special abilities


You were on level 3 of the Dungeon.
You visited 1 branch of the dungeon, and saw 3 of its levels.

You collected 163 gold pieces.

Inventory:

Hand Weapons
 c - a +0 whip
Armour
 a - a +0 robe (worn)
Magical Staves
 h - a staff of fire (weapon)
Scrolls
 e - 2 scrolls of revelation {unknown}
 g - a scroll of torment {unknown}
 j - a scroll of enchant weapon {unknown}
 l - a scroll of fear {unknown}
 m - 2 scrolls of identify {unknown}
Potions
 b - a potion of magic
 d - 2 potions of brilliance {unknown}
 f - a potion of resistance {unknown}
 i - a potion of berserk rage {unknown}
 k - a potion of heal wounds {unknown}
 n - a potion of haste {unknown}


   Skills:
 + Level 1.4 Fighting
 - Level 1.7 Dodging
 - Level 1.7 Stealth
 + Level 2.5 Spellcasting
 + Level 1.9 Conjurations
 + Level 3.1 Earth Magic


You had 6 spell levels left.
You knew the following spells:

 Your Spells              Type           Power      Damage    Failure   Level
a - Sandblast             Erth           24%        2d8       4%          1

Your spell library contained the following spells:

 Spells                   Type           Power      Damage    Failure   Level
 Magic Dart               Conj           32%        1d4       9%          1
 Passwall                 Erth           12%        N/A       16%         3
 Stone Arrow              Conj/Erth      20%        3d8       19%         3
 Blink                    Tloc           4%         N/A       28%         2
 Call Imp                 Summ           4%         N/A       28%         2
 Volatile Blastmotes      Fire/Tloc      6%         2d10      50%         3
 Brom's Barrelling Bould  Conj/Erth      10%        2d3       54%         4
 Petrify                  Alch/Erth      7%         N/A       67%         4
 Fulminant Prism          Conj/Alch      2%         3d5       77%         4
 Iskenderun's Mystic Bla  Conj/Tloc      5%         2d3       77%         4
 Animate Dead             Necr           2%         N/A       88%         4
 Haunt                    Necr/Summ      1%         N/A       100%        7
 Infestation              Necr           1%         N/A       100%        8


Dungeon Overview and Level Annotations

Branches:
Dungeon (3/15)

Altars:


Innate Abilities, Weirdness & Mutations

You are partially covered in rugged brown scales. (AC +1, +3% HP)
A weak demonic guardian rushes to your aid.


Message History

Your quasit closely misses the scorpion. x2
The scorpion stings you.
You are lethally poisoned!
The scorpion poisons you!
Your quasit barely misses the scorpion. x2
Your quasit closely misses the scorpion.
Hit: h) staff of fire
Press: ? - help, Dir - move target, f/p - scorpion
Aim: a scorpion (severely wounded, ally target, about 40% to evade your staff of fire)
You closely miss the scorpion.
The scorpion is severely wounded.
You feel very sick. The scorpion stings you.
* * * LOW HITPOINT WARNING * * *
Your quasit bites the scorpion but does no damage.
Your quasit claws the scorpion but does no damage.
Your quasit claws the scorpion.
The scorpion barely misses your quasit.
Your quasit bites the scorpion.
Your quasit claws the scorpion but does no damage.
Your quasit barely misses the scorpion.
Hit: h) staff of fire
Press: ? - help, Dir - move target, f/p - scorpion
Aim: a scorpion (almost dead, not watching you, ally target, about 40% to evade your staff of fire)
You catch the helpless scorpion completely off-guard!
You hit the scorpion but do no damage.
The scorpion is almost dead.
* * * LOW HITPOINT WARNING * * *
You feel sick. The scorpion stings you.
* * * LOW HITPOINT WARNING * * *
You are more poisoned.
The scorpion poisons you!
Your quasit bites the scorpion but does no damage.
Your quasit closely misses the scorpion. x2
Casting: Sandblast (safe; 4% risk of failure)
Confirm with . or Enter, or press ? or * to list all spells.
Aiming: Sandblast (safe; 4% risk of failure)
Press: ? - help, Shift-Dir - straight line, f/p - scorpion
Aim: a scorpion (almost dead, not watching you, ally target, 82% to hit)
The blast of sand hits the scorpion.
The scorpion is almost dead.
You die...

### #.. ..# #.# ..#
#.### ### ..##
####...#######.! ...
.....%......##.# ..#
####...####.##.# ..#
##..### #.##.##s5###.#
##...######.....@.......
#.([........##.###.###.#
##>..######.##.# #
###..# #.##.#
.....######.##..
................
#.#.#########.##. #.#.#
. # #.#.#


You could see a scorpion (ally target) and a friendly quasit (summoned).

Vanquished Creatures
  An adder (D:2)
  A dart slug (D:2)
  2 ribbon worms (D:2)
  6 bats
  8 endoplasms
  4 goblins (D:2)
  5 hobgoblins
  2 kobolds (D:1)
  A quokka (D:2)
  A ball python (D:3)
  3 frilled lizards (D:2)
  3 rats
37 creatures vanquished.

Notes
Turn   | Place    | Note
-------+----------+-------------------------------------------
     0 | D:1      | Essalna the Demonspawn Earth Elementalist began the quest
                  | for the Orb.
     0 | D:1      | Reached XP level 1. HP: 13/13 MP: 3/3
   408 | D:1      | Gained mutation: You are partially covered in rugged brown
                  | scales. (AC +1, +3% HP) [demonic ancestry]
   408 | D:1      | Reached XP level 2. HP: 14/20 MP: 1/5
  1133 | D:2      | Reached skill level 1 in Fighting
  1195 | D:2      | Reached skill level 3 in Earth Magic
  1554 | D:2      | Gained mutation: A weak demonic guardian rushes to your
                  | aid. [demonic ancestry]
  1554 | D:2      | Reached XP level 3. HP: 26/26 MP: 3/6
  2204 | D:3      | Noticed a scorpion
  2211 | D:3      | Succumbed to a scorpion's poison

Illustrated notes

Levels and vault maps discovered:
D:1:      dpeg_arrival_tiny_g, layout_basic
D:2:      kennysheep_big_flooded_room, layout_loops_ring,
          nicolae_underground_beach
D:3:      layout_loops_ring

Skill      XL: |  1  2 |
---------------+-------+-----
Fighting       | 1 |  1.4
Earth Magic    | 3 |  3.1
Dodging        | |  1.7
Stealth        | |  1.7
Spellcasting   | |  2.5
Conjurations   | |  1.9

Action                     || total
---------------------------++-------
  Melee: Staff             ||     6
   Cast: Sandblast         ||    54
   Stab: Distracted        ||     2
 Armour: Robe              ||    29
  Dodge: Dodged            ||    24

Table legend: (Time is in decaauts)
 A = Elapsed time spent in this place.
 B = Non-inter-level travel time spent in this place.
 C = Inter-level travel time spent in this place.
 D = Time resting spent in this place.
 E = Time spent auto-exploring this place.
 F = Levels seen in this place.
 G = Mean time per level.
                   A        B        C        D        E       F      G
               +--------+--------+--------+--------+--------+-----+--------+
         Total |   2240 |   2150 |     90 |      0 |   1902 |   3 |  746.7 |
       Dungeon |   2240 |   2150 |     90 |      0 |   1902 |   3 |  746.7 |
               +--------+--------+--------+--------+--------+-----+--------+

Top non-repeatable levels by time:
     D:2: 1207 daAuts
     D:1: 912 daAuts
     D:3: 120 daAuts
